 Dungeon Crawl Stone Soup version 0.26-a0-854-gdc81c2f471 (webtiles) character file.

Game seed: 12230915787431637

12 Gezukamaru the Ruffian (level 2, -2/23 HPs)
             Began as a Draconian Transmuter on Nov 22, 2020.
             Slain by a jackal (3 damage)
             ... on level 2 of the Dungeon.
             The game lasted 00:02:00 (655 turns).

Gezukamaru the Ruffian (Draconian Transmuter)        Turns: 655, Time: 00:02:01

Health: -2/23      AC:  4    Str: 12    XL:     2   Next: 20%
Magic:  5/5        EV: 12    Int: 13    God:
Gold:   178        SH:  0    Dex: 11    Spells: 4/5 levels left

rFire    . . .     SeeInvis .   b - +0 short sword (venom)
rCold    . . .     Faith    .   (no shield)
rNeg     . . .     Spirit   .   (armour unavailable)
rPois    .         Reflect  .   (helmet restricted)
rElec    .         Harm     .   (no cloak)
rCorr    .         Rampage  .   (no gloves)
MR       .....                  (no boots)
Stlth    +.........             c - amulet of magic regeneration
HPRegen  0.07/turn              (no ring)
MPRegen  0.34/turn              (no ring)

@: no status effects
A: unfitting armour, cold-blooded, AC +4
a: no special abilities


You were on level 2 of the Dungeon.
You visited 1 branch of the dungeon, and saw 2 of its levels.

You collected 178 gold pieces.

Inventory:

Hand Weapons
 a - a +0 dagger
 b - a +0 short sword of venom (weapon)
Jewellery
 c - an amulet of magic regeneration (around neck)
Scrolls
 d - a scroll of fear {unknown}
 e - a scroll of enchant armour {unknown}
 f - a scroll of blinking {unknown}


   Skills:
 + Level 1.5 Fighting
 - Level 1.7 Dodging
 - Level 3.0 Unarmed Combat
 + Level 2.2 Spellcasting
 * Level 2.5 Transmutations


You had 4 spell levels left.
You knew the following spells:

 Your Spells              Type           Power        Failure   Level
a - Beastly Appendage     Tmut           #.....       9%          1

Your spell library contained the following spells:

 Spells                   Type           Power        Failure   Level
 Wereblood                Tmut           #.......     14%         2
 Spider Form              Tmut/Pois      #.........   41%         3
 Ice Form                 Ice/Tmut       #.......     83%         4
 Blade Hands              Tmut           #.........   94%         5


Dungeon Overview and Level Annotations

Branches:
Dungeon (1/15)

Altars:

Annotations:
D:2 Sigmund


Innate Abilities, Weirdness & Mutations

Your plain brown scales are hard. (AC +4)
You cannot fit into any form of body armour.
You are cold-blooded and may be slowed by cold attacks.


Message History

The frilled lizard is poisoned.
The jackal misses you. The jackal barely misses you.
The frilled lizard bites you but does no damage.
The jackal closely misses you. The jackal barely misses you.
You barely miss the frilled lizard.
The frilled lizard bites you but does no damage.
The jackal bites you but does no damage.
The jackal barely misses you. The frilled lizard bites you.
* * * LOW HITPOINT WARNING * * *
You closely miss the frilled lizard. The jackal closely misses you. x2
The frilled lizard barely misses you. The jackal closely misses you.
The jackal barely misses you.
Unknown command.
You miss the frilled lizard.
Your tail-slap misses the frilled lizard.
You kill the frilled lizard!
The jackal bites you.
* * * LOW HITPOINT WARNING * * *
The jackal bites you.
You die...

######## ..
.....># ..
.....# >.
....##. ....$
... #†#
###@####
#..hhS.#
#....##lKS####
#.###........#
..
.......###.###
........#
#...#
.........
###.#
.........#
#.###
.w.......#
#...#


You could see an adder, 2 jackals, a ball python, a kobold and a frilled lizard.

Vanquished Creatures
  A goblin (D:1)
  A hobgoblin (D:1)
  4 jackals (D:1)
  2 bats (D:1)
  A frilled lizard (D:2)
  A kobold (D:1)
  2 rats (D:1)
12 creatures vanquished.

Vanquished Creatures (others)
  A jackal (D:2)
  4 toadstools (D:1)
5 creatures vanquished.

Grand Total: 17 creatures vanquished

Notes
Turn   | Place    | Note
-------+----------+-------------------------------------------
     0 | D:1      | Gezukamaru the Draconian Transmuter began the quest for the
                  | Orb.
     0 | D:1      | Reached XP level 1. HP: 16/16 MP: 3/3
   501 | D:1      | Reached XP level 2. HP: 23/23 MP: 5/5
   601 | D:1      | You fall into a shaft and drop 1 floor!
   606 | D:2      | Noticed Sigmund
   653 | D:2      | HP: 1/23 [frilled lizard (1)]
   655 | D:2      | Slain by a jackal

Illustrated notes

Levels and vault maps discovered:
D:1:      grunt_arrival_lava_bath, layout_basic, minmay_gold_behind_fungi
D:2:      layout_rooms, moated_statue, uniq_sigmund, uniq_crazy_yiuf_cottage,
          uniq_natasha

Action                   || total
-------------------------++-------
Melee: Short sword       ||    35
       Dagger            ||     3
       Tailslap          ||     2
Armor: Skin              ||    23
Dodge: Dodged            ||    52

Table legend: (Time is in decaauts)
 A = Elapsed time spent in this place.
 B = Non-inter-level travel time spent in this place.
 C = Inter-level travel time spent in this place.
 D = Time resting spent in this place.
 E = Time spent auto-exploring this place.
 F = Levels seen in this place.
 G = Mean time per level.
                   A        B        C        D        E       F      G
               +--------+--------+--------+--------+--------+-----+--------+
         Total |    657 |    657 |      0 |      0 |    513 |   2 |  328.5 |
       Dungeon |    657 |    657 |      0 |      0 |    513 |   2 |  328.5 |
               +--------+--------+--------+--------+--------+-----+--------+

Top non-repeatable levels by time:
     D:1: 602 daAuts
     D:2: 54 daAuts
